 Dungeon Crawl Stone Soup version 0.19-a0-261-g60b6c46 (webtiles) character file.

2071 Steelers13 the Skirmisher (level 9, -2/79 HPs)
             Began as a Minotaur Berserker on May 26, 2016.
             Was an Elder of Trog.
             Shot with an arrow by a centaur (7 damage)
             ... on level 6 of the Dungeon.
             The game lasted 00:32:27 (5961 turns).

Steelers13 the Skirmisher (Minotaur Berserker)      Turns: 5961, Time: 00:32:28

Health: -2/79      AC: 12    Str: 23    XL:     9   Next: 5%
Magic:  8/8        EV: 10    Int:  4    God:    Trog [****..]
Gold:   318        SH:  3    Dex: 12    Spells: 0 memorised, 8 levels left

rFire  . . .     SeeInvis .     w - +4 quarterstaff (chaos)
rCold  . . .     Gourm    .     u - +0 chain mail
rNeg   . . .     Faith    .     (shield currently unavailable)
rPois  .         Spirit   .     (helmet restricted)
rElec  .         Dismiss  .     e - +0 cloak {MR+}
rCorr  .         Reflect  +     g - +1 pair of gloves
SustAt .         Harm     .     (no boots)
MR     +....                    U - +3 amulet of reflection
Stlth  ..........               (no ring)
                                B - -2 ring of protection (curse)

@: somewhat resistant to hostile enchantments, extremely unstealthy
A: retaliatory headbutt, horns 2
a: Berserk, Trog's Hand, Brothers in Arms, Burn Spellbooks, Renounce Religion


You were on level 6 of the Dungeon.
You worshipped Trog.
Trog was greatly pleased with you.
You were not hungry.

You visited 1 branch of the dungeon, and saw 6 of its levels.
You also visited: Ossuary.

You collected 318 gold pieces.

Inventory:

Hand Weapons
 a - a +0 falchion
 c - a +0 glaive
 d - a +0 short sword
 k - a +0 spear
 t - a +0 hand axe
 w - a +4 quarterstaff of chaos (weapon)
 y - a +0 spear
 Q - a +0 antimagic trident
 X - a +1 dagger of venom
 Y - a +0 shortbow
Missiles
 q - a throwing net (quivered)
 R - 3 tomahawks
 Z - 41 arrows
Armour
 b - a +0 animal skin
 e - a +0 cloak of magic resistance (worn)
 g - a +1 pair of gloves (worn)
 h - a +0 leather armour
 j - a +0 pair of gloves
 u - a +0 chain mail (worn)
 x - a +0 cloak
 A - a +0 buckler
 C - a +0 buckler
Jewellery
 B - a cursed -2 ring of protection (left hand)
 U - a +3 amulet of reflection (around neck)
Scrolls
 l - 2 scrolls of recharging {unknown}
 m - 3 scrolls of teleportation {unknown}
 p - 8 scrolls of identify {unknown}
 D - 2 scrolls of enchant armour {unknown}
 L - a scroll of fog {unknown}
 M - 3 scrolls of remove curse {unknown}
 N - a scroll of noise {unknown}
 S - a scroll of magic mapping {unknown}
 T - a scroll of amnesia {unknown}
 W - a scroll of blinking {unknown}
Potions
 f - 7 potions of curing {unknown}
 n - 4 potions of invisibility {unknown}
 o - 3 potions of cancellation {unknown}
 s - a potion of magic {unknown}
 v - 2 potions of cure mutation {unknown}
 z - 2 potions of might {unknown}
 E - a potion of flight {unknown}
 F - 2 potions of lignification {unknown}
 G - a potion of haste {unknown}
 H - 2 potions of heal wounds {unknown}
 I - a potion of degeneration {unknown}
 J - a potion of ambrosia {unknown}
 K - a potion of agility {unknown}
Comestibles
 i - a beef jerky
 r - 3 meat rations
 O - 5 fruits
 P - a slice of pizza
 V - a chunk of flesh


   Skills:
 + Level 7.6 Fighting
 + Level 1.0(2.8) Short Blades
 + Level 4.6(4.7) Long Blades
 + Level 7.4 Staves
 + Level 7.5 Armour
 + Level 5.0 Dodging
 + Level 2.2 Stealth
 + Level 1.2 Shields


You had 8 spell levels left.
You didn't know any spells.

Dungeon Overview and Level Annotations

Branches:
Dungeon (6/15)             Temple (0/1) D:6

Altars:
Dithmenos
Fedhas
Hepliaklqana
Makhleb
Nemelex Xobeh
Pakellas
Qazlal
Trog
Vehumet
Xom
Yredelemnul
The Shining One


Innate Abilities, Weirdness & Mutations

You reflexively headbutt those who attack you in melee.
You have a pair of horns on your head.


Message History

Your Shields skill increases to level 1!
You see here an uncursed shortbow.
Z - 19 arrows (gained 1)
Z - 40 arrows (gained 21)
Z - 41 arrows (gained 1)
Found a meat ration.
You see here a hunting sling.
Found a stone staircase leading up.
Found 29 gold pieces.
r - 3 meat rations (gained 1)
A centaur comes into view.
The centaur shouts!
The centaur wields a shortbow.
The centaur shoots an arrow.
The arrow hits you but does no damage.
You see here an arrow.
The centaur shoots an arrow.
The arrow hits you!
* * * LOW HITPOINT WARNING * * *
You see here an arrow.
The centaur shoots an arrow.
The arrow hits you!
You die...

##. .# #.. ##.#.
#####.##.....
#..................
#...$.............##
#...$..............#
#................#
#..@.............#
##...............#
##..<...........#
#(.(..........# .
#............####.
#c..#....#.#)......
....#......#....$..(.
...c.##.....##....?...
..........######.......


You could see a centaur.

Vanquished Creatures
  The ghost of Steelers13 the Slasher, an amateur MiBe of Trog (D:4)
  Menkaure (D:4)
  2 eyes of draining (D:5)
  2 ogres (D:5)
  4 centaurs (D:6)
  A giant frog (D:6)
  2 scorpions (D:5)
  2 jellies
  3 centaur zombies (D:5)
  2 crimson imps
  3 giant frog zombies (D:5)
  Crazy Yiuf (D:2)
  An iguana (D:4)
  3 worker ants
  A killer bee zombie (D:5)
  11 mummies (Ossuary)
  A howler monkey zombie (D:5)
  A worker ant zombie (D:5)
  A howler monkey skeleton (D:5)
  5 gnolls (D:5)
  6 adders
  2 adder skeletons
  3 worms
  2 dart slugs
  6 giant geckos
  2 orcs
  A ball python (D:1)
  13 bats
  7 giant cockroaches
  9 goblins
  3 hobgoblins
  7 jackals
  4 quokkas
  2 giant gecko skeletons (D:4)
  A giant gecko zombie (D:5)
  2 giant newts
  3 gnoll skeletons (Ossuary)
  3 goblin skeletons (Ossuary)
  A goblin zombie (D:4)
  A jackal skeleton (D:5)
  A jackal zombie (D:5)
  6 kobolds
  A kobold skeleton (Ossuary)
  An orc skeleton (Ossuary)
  2 quokka zombies
  4 rats
  11 rat skeletons (Ossuary)
  A spectral orc (D:2)
  A withered plant (D:5)
154 creatures vanquished.

Vanquished Creatures (others)
  A crimson imp (D:5)
1 creature vanquished.

Grand Total: 155 creatures vanquished

Notes
Turn   | Place    | Note
--------------------------------------------------------------
     0 | D:1      | Steelers13 the Minotaur Berserker began the quest for the Orb.
     0 | D:1      | Reached XP level 1. HP: 19/19 MP: 0/0
   106 | D:1      | Reached XP level 2. HP: 27/27 MP: 1/1
   341 | D:1      | Reached ** piety under Trog
   550 | D:1      | Reached XP level 3. HP: 27/33 MP: 2/2
  1154 | D:2      | Noticed Crazy Yiuf
  1161 | D:2      | Killed Crazy Yiuf
  1161 | D:2      | Reached XP level 4. HP: 40/40 MP: 3/3
  1226 | D:2      | Found a basalt altar of Yredelemnul.
  1419 | D:2      | Reached skill level 1 in Short Blades
  1584 | D:3      | Reached *** piety under Trog
  1790 | D:3      | Reached XP level 5. HP: 44/47 MP: 4/4
  1808 | D:3      | Found an oddly glowing altar of Pakellas.
  2322 | D:4      | Reached skill level 1 in Staves
  2383 | D:4      | Found a stormy altar of Qazlal.
  2384 | D:4      | Noticed a fire elemental
  2388 | D:4      | Noticed an air elemental
  2393 | D:4      | Noticed a water elemental
  2498 | D:4      | Found a sand-covered staircase.
  2525 | Ossuary  | Entered an ossuary
  3194 | Ossuary  | Reached skill level 5 in Fighting
  3194 | Ossuary  | Reached XP level 6. HP: 56/56 MP: 5/5
  3239 | Ossuary  | Reached skill level 1 in Stealth
  3390 | D:4      | Found a sparkling altar of Nemelex Xobeh.
  3551 | D:4      | Noticed Menkaure
  3555 | D:4      | Killed Menkaure
  3658 | D:4      | Found a hazy altar of Hepliaklqana.
  3662 | D:4      | Found a shadowy altar of Dithmenos.
  3705 | D:4      | Found a radiant altar of Vehumet.
  3867 | D:4      | Noticed Steelers13's ghost (amateur MiBe)
  3898 | D:4      | Killed Steelers13's ghost
  3898 | D:4      | Reached XP level 7. HP: 47/62 MP: 6/6
  4547 | D:5      | Entered Level 5 of the Dungeon
  4594 | D:5      | Reached skill level 5 in Armour
  5005 | D:5      | Reached skill level 5 in Staves
  5005 | D:5      | Reached XP level 8. HP: 60/71 MP: 7/7
  5029 | D:5      | Found a burning altar of Makhleb.
  5030 | D:5      | Found a shimmering altar of Xom.
  5423 | D:5      | Found a bloodstained altar of Trog.
  5600 | D:5      | Found a blossoming altar of Fedhas.
  5698 | D:5      | Found a glowing golden altar of the Shining One.
  5802 | D:6      | Found a staircase to the Ecumenical Temple.
  5838 | D:6      | Reached **** piety under Trog
  5901 | D:6      | Reached XP level 9. HP: 37/79 MP: 8/8
  5932 | D:6      | Reached skill level 5 in Dodging
  5932 | D:6      | Reached skill level 1 in Shields
  5961 | D:6      | Shot with an arrow by a centaur

Vault maps used:
D:1:      mushboom_english_gardens
D:2:      yredelemnul_forgotten_temple_becter, uniq_crazy_yiuf_cottage
D:3:      first_bread, grunt_pakellas_mercury
D:4:      overflow_temple_1_default, nicolae_qazlal_style_of_elements,
          nicolae_overflow_crystal_walls, grunt_temple_overflow_open,
          enter_ossuary_4, uniq_menkaure
D:5:      grunt_temple_overflow_champion_of_chaos, trog_eyes_of_draining,
          kennysheep_mini_moat, lemuel_doored_altar, serial_undead,
          serial_undead_e, serial_undead_e, serial_undead_d, serial_undead_e,
          serial_undead_c, serial_undead_e, serial_undead_c,
          kennysheep_generic_room_8
D:6:      nicolae_overflow_hidden_temple, minmay_temple_entry_hall
Ossuary:  ossuary_due_small_catacomb

Skill      XL: |  1  2  3  4  5  6  7  8  9 |
---------------+----------------------------+-----
Long Blades    | 4 |  4.6
Fighting       | 4 5 6 7 |  7.6
Armour         | 3 4 6 7 |  7.5
Dodging        | 3 4 5 |  5.0
Short Blades   | 1 |  1.0
Staves         | 2 4 5 7 |  7.4
Stealth        | 1 2 |  2.2
Shields        | 1 |  1.2

Action                   |  1- 3 |  4- 6 |  7- 9 || total
-------------------------+-------+-------+-------++-------
Melee: Falchion          |    11 |       |       ||    11
       Short sword       |    48 |       |       ||    48
       Headbutt          |     8 |    21 |    32 ||    61
       Hand axe          |     6 |       |       ||     6
       Quarterstaff      |       |   143 |   131 ||   274
Invok: Berserk           |       |     1 |       ||     1
 Stab: Confused          |       |     1 |       ||     1
       Petrifying        |       |       |     1 ||     1
  Eat: Chunk             |       |     4 |     3 ||     7
       Bread ration      |       |     2 |       ||     2
       Fruit             |       |       |     1 ||     1
Armor: Animal skin       |     5 |       |       ||     5
       Leather armour    |    33 |       |       ||    33
       Chain mail        |     1 |   109 |    98 ||   208
Dodge: Dodged            |    77 |    64 |    79 ||   220
Block: Other             |       |       |    15 ||    15
       Reflection        |       |       |     6 ||     6
